 Dungeon Crawl Stone Soup version 0.20-a0-833-gc632bec (webtiles) character file.

445 ourship the Cudgeler (level 6, 57/57 HPs)
             Began as a Minotaur Berserker on Mar 8, 2017.
             Was a Priest of Trog.
             Quit the game on level 3 of the Dungeon on Jan 24, 2018.
             The game lasted 00:10:38 (2360 turns).

ourship the Cudgeler (Minotaur Berserker)           Turns: 2360, Time: 00:10:39

Health: 57/57      AC:  6    Str: 23    XL:     6   Next: 72%
Magic:  5/5        EV: 11    Int:  4    God:    Trog [***...]
Gold:   117        SH:  0    Dex: 10    Spells: 5/5 levels left

rFire    . . .     SeeInvis .   a - +0 mace
rCold    . . .     Gourm    .   f - +0 ring mail
rNeg     + . .     Faith    .   (no shield)
rPois    .         Spirit   .   (helmet restricted)
rElec    .         Reflect  .   (no cloak)
rCorr    .         Harm     .   k - +0 pair of gloves
MR       .....                  (no boots)
Stlth    +.........             (no amulet)
Regen    0.2/turn               (no ring)
MPRegen  0.1/turn               p - ring of positive energy

@: no status effects
A: retaliatory headbutt, horns 2
a: Berserk, Trog's Hand, Burn Spellbooks, Renounce Religion


You were on level 3 of the Dungeon.
You worshipped Trog.
Trog was most pleased with you.
You were not hungry.

You visited 1 branch of the dungeon, and saw 3 of its levels.

You collected 117 gold pieces.

Inventory:

Hand Weapons
 a - a +0 mace (weapon)
Missiles
 v - 2 javelins of returning (quivered)
Armour
 b - a +0 animal skin
 f - a +0 ring mail (worn)
 k - a +0 pair of gloves (worn)
Jewellery
 p - a ring of positive energy (left hand)
Wands
 r - a wand of disintegration (11/24)
 u - a wand of flame (10/48)
Scrolls
 d - a scroll of noise {unknown}
 l - a scroll of enchant armour {unknown}
 m - a scroll of teleportation
 o - a scroll of blinking {unknown}
 s - a scroll of magic mapping {unknown}
Potions
 e - 2 potions of lignification
 i - 3 potions of mutation
 j - a potion of curing {unknown}
 n - a potion of flight {unknown}
 q - a potion of berserk rage {unknown}
 t - a potion of degeneration {unknown}
 z - a potion of ambrosia {unknown}
Comestibles
 c - a bread ration
 g - 2 fruits
 h - 4 meat rations
 x - 15 chunks of flesh


   Skills:
 + Level 5.9 Fighting
 + Level 7.8 Maces & Flails
 - Level 2.4 Armour
 - Level 2.1 Dodging
 + Level 0.5 Stealth


You had 5 spell levels left.
You didn't know any spells.

Dungeon Overview and Level Annotations

Branches:
Dungeon (3/15)

Altars:
Dithmenos

Annotations:
D:2 1 runed door


Innate Abilities, Weirdness & Mutations

You reflexively headbutt those who attack you in melee.
You have a pair of horns on your head.


Message History

Increase (S)trength, (I)ntelligence, or (D)exterity?
You feel stronger.
x - 15 chunks of flesh (gained 3)
You see here a club.
You are feeling hungry.
Eat one of 15 chunks of flesh? (ye/n/q)
You eat one of the 15 chunks of flesh.
This raw flesh tastes terrible.
x - 15 chunks of flesh (gained 1)
You see here a bat skeleton.
Found a runed short sword.
You start resting.
HP restored.
There is an open door here.
Saving game... please wait.
Welcome back, ourship the Minotaur Berserker.
Trog says: Kill them all!
Press ? for a list of commands and other information.
Quiver which item? (- for none, * to show all) (? for menu, Esc to quit)
Okay, then.
Are you sure you want to abandon this character and quit the game? (Confirm with "yes".)

############
###..........## #####
#.'............ #...#
#.#...........#
#...######.#..).@......#
....'..(...#...........#
....#........###.#####.#
....#รท.......# #.#
....#........# #..
....#........# ####
#...#.)......#
#...#........#
+...'..........


There were no monsters in sight!

Vanquished Creatures
  Grinder (D:3)
  A scorpion (D:3)
  Natasha (thrice) (D:3)
  A gnoll (D:1)
  3 adders
  An ooze (D:1)
  A worm (D:3)
  2 dart slugs
  2 leopard geckos (D:1)
  3 orcs (D:3)
  3 ball pythons
  A giant cockroach (D:2)
  13 goblins
  12 hobgoblins
  4 jackals (D:2)
  A quokka (D:3)
  7 bats
  3 frilled lizards (D:3)
  12 kobolds
  9 rats
83 creatures vanquished.

Notes
Turn   | Place    | Note
-------+----------+-------------------------------------------
     0 | D:1      | ourship the Minotaur Berserker began the quest for the Orb.
     0 | D:1      | Reached XP level 1. HP: 19/19 MP: 0/0
   113 | D:1      | Reached skill level 4 in Maces & Flails
   113 | D:1      | Reached XP level 2. HP: 25/27 MP: 1/1
   330 | D:1      | Reached XP level 3. HP: 29/34 MP: 2/2
   409 | D:1      | Reached ** piety under Trog
   646 | D:2      | Found a runed door.
   827 | D:2      | Reached skill level 5 in Maces & Flails
   946 | D:2      | Found a shadowy altar of Dithmenos.
   952 | D:2      | Reached XP level 4. HP: 33/41 MP: 3/3
  1669 | D:3      | Reached *** piety under Trog
  1777 | D:3      | Noticed Natasha
  1789 | D:3      | Killed Natasha
  1789 | D:3      | Reached skill level 6 in Maces & Flails
  1789 | D:3      | Reached XP level 5. HP: 40/47 MP: 4/4
  1814 | D:3      | Reached skill level 5 in Fighting
  1846 | D:3      | Noticed Natasha
  1850 | D:3      | Killed Natasha
  1855 | D:3      | Noticed Natasha
  1859 | D:3      | Killed Natasha
  2247 | D:3      | Noticed Grinder
  2260 | D:3      | Killed Grinder
  2260 | D:3      | Reached skill level 7 in Maces & Flails
  2260 | D:3      | Reached XP level 6. HP: 39/57 MP: 5/5
  2360 | D:3      | Quit the game

Vault maps used:
D:1:      dpeg_arrival_rooms_c
D:2:      nicolae_dithmenos_shadow_blocks, minmay_misc_feat_pillars,
          grunt_decor_resistance, uniq_crazy_yiuf_cottage
D:3:      cheibrodos_greedy_goblins, first_bread, serial_bayou_pond_c,
          uniq_grinder, uniq_natasha

Skill      XL: |  1  2  3  4  5 |
---------------+----------------+-----
Maces & Flails | 4 5 6 7 |  7.8
Fighting       | 4 5 |  5.9
Armour         | |  2.4
Dodging        | |  2.1
Stealth        | |  0.5

Action                   |  1- 3 |  4- 6 || total
-------------------------+-------+-------++-------
Melee: Mace              |    95 |    83 ||   178
       Headbutt          |    12 |    12 ||    24
Throw: Javelin           |       |     2 ||     2
  Use: Scroll            |     4 |     1 ||     5
  Eat: Chunk             |       |     5 ||     5
Armor: Ring mail         |    30 |    40 ||    70
Dodge: Dodged            |    60 |    40 ||   100
